 Dungeon Crawl Stone Soup version 0.26-a0-830-g2a559e7be2 (webtiles) character file.

Game seed: 16113800943129095362

266494 Riddle the Slayer (level 19, -8/174 HPs)
             Began as a Demonspawn Gladiator on Nov 15, 2020.
             Was an Initiate of Gozag.
             Killed by the air
             ... invoked by a spriggan air mage
              (20 damage)
             ... on level 3 of the Depths.
             The game lasted 01:51:38 (47473 turns).

Riddle the Slayer (Demonspawn Gladiator)           Turns: 47473, Time: 01:51:39

Health: -8/174     AC: 26    Str: 20 (21) XL:     19   Next: 71%
Magic:  0/19       EV:  6    Int:  8 (9)  God:    Gozag
Gold:   4413       SH: 25    Dex: 15      Spells: 18/18 levels left

rFire    + + .     SeeInvis .   a - +5 war axe (vamp)
rCold    + + .     Faith    .   G - +5 kite shield {AC+3}
rNeg     + + +     Spirit   +   x - +9 plate armour {rF+}
rPois    +         Reflect  +   P - +0 helmet
rElec    .         Harm     .   J - scarf {rC+ rF+}
rCorr    +         Rampage  .   (gloves unavailable)
MR       ++...                  V - +1 pair of boots "Iprarunk" {rN++ MR+ Slay+3 Stlth-}
Stlth    ..........             Y - amulet of reflection
HPRegen  0.39/turn              z - ring "Dyutuc" {rN++ rCorr Str-2 Slay+4}
MPRegen  0.32/turn              y - ring of poison resistance

@: about to teleport, flayed
A: claws 3, iridescent scales 3, cold resistance 1, deformed body, deterioration
1, powered by death 2, magic shield, magic regeneration, MP-powered wands
}: 1/15 runes: gossamer
a: Potion Petition, Call Merchant, Bribe Branch, Renounce Religion


You were on level 3 of the Depths.
You worshipped Gozag.
Gozag was most pleased with you.
You visited 6 branches of the dungeon, and saw 32 of its levels.
You also visited: Sewer.

You collected 15940 gold pieces.
You spent 5457 gold pieces at shops.
You paid 6070 gold pieces to Gozag.

Inventory:

Hand Weapons
 a - a +5 vampiric war axe (weapon)
 g - a +2 great sword of flaming
Missiles
 d - 3 throwing nets (quivered)
Armour
 x - a +9 plate armour of fire resistance (worn)
 G - a +5 kite shield of protection (worn)
 J - a scarf of resistance (worn)
 P - a +0 helmet (worn)
 V - the +1 pair of boots "Iprarunk" (worn) {rN++ MR+ Slay+3 Stlth-}
   (You bought it in a shop on level 1 of the Depths)

   It affects your accuracy and damage with ranged weapons and melee attacks
   (+3).
   It greatly protects you from negative energy.
   It affects your resistance to hostile enchantments.
   It makes you less stealthy.
Jewellery
 y - a ring of poison resistance (right claw)
 z - the ring "Dyutuc" (left claw) {rN++ rCorr Str-2 Slay+4}
   (You bought it in a shop on level 15 of the Dungeon)

   [ring of resist corrosion]

   It affects your strength (-2).
   It affects your accuracy and damage with ranged weapons and melee attacks
   (+4).
   It greatly protects you from negative energy.
   It provides partial protection from all sources of acid and corrosion.
 W - an uncursed ring of see invisible
 Y - an amulet of reflection (around neck)
Wands
 c - a wand of iceblast (7)
 p - a wand of disintegration (26)
 F - a wand of acid (60)
 H - a wand of polymorph (33)
 I - a wand of paralysis (26)
 T - a wand of enslavement (18)
 U - a wand of flame (42)
Scrolls
 f - 19 scrolls of teleportation
 h - 6 scrolls of fear
 i - 18 scrolls of remove curse
 j - 6 scrolls of fog
 t - 4 scrolls of magic mapping
 w - 2 scrolls of amnesia
 L - 2 scrolls of identify
 R - 2 scrolls of summoning
 S - 2 scrolls of silence
 X - a scroll of enchant weapon
Potions
 e - 2 potions of resistance
 k - 2 potions of mutation
 l - 4 potions of might
 n - 2 potions of lignification
 o - 4 potions of ambrosia
 q - 5 potions of brilliance
 s - 3 potions of attraction
 u - 2 potions of berserk rage
 A - 4 potions of magic
 B - 6 potions of flight
 C - 6 potions of curing
 E - 4 potions of haste
 Q - 3 potions of cancellation
Miscellaneous
 N - a lightning rod (4/4)
 Z - a phantom mirror


   Skills:
 * Level 21.6 Fighting
 * Level 19.3 Axes
   Level 2.6 Staves
 - Level 1.7 Throwing
 - Level 2.6 Dodging
 * Level 17.2 Shields


You had 18 spell levels left.
You didn't know any spells.
Your spell library contained the following spells:

 Spells                   Type           Power        Failure   Level
 Magic Dart               Conj           #...         100%        1
 Blink                    Tloc           N/A          100%        2
 Call Imp                 Summ           #.......     100%        2
 Searing Ray              Conj           #.....       100%        2
 Slow                     Hex            #.......     100%        2
 Confusing Touch          Hex            #.......     100%        3
 Conjure Flame            Conj/Fire      #.......     100%        3
 Dazzling Flash           Conj/Hex       #.....       100%        3
 Gell's Gravitas          Tloc           #.........   100%        3
 Ignite Poison            Fire/Tmut/Pois #.......     100%        3
 Mephitic Cloud           Conj/Pois/Air  #.......     100%        3
 Animate Dead             Necr           #.........   100%        4
 Fulminant Prism          Conj/Hex       #.........   100%        4
 Iskenderun's Mystic Bla  Conj/Tloc      #.......     100%        4
 Petrify                  Tmut/Erth      #.......     100%        4
 Summon Lightning Spire   Summ/Air       #.......     100%        4
 Borgnjor's Vile Clutch   Necr/Erth      #.........   100%        5
 Fireball                 Conj/Fire      #.........   100%        5
 Metabolic Englaciation   Hex/Ice        #.........   100%        5
 Silence                  Hex/Air        #.........   100%        5
 Yara's Violent Unravell  Hex/Tmut       #.........   100%        5
 Conjure Ball Lightning   Conj/Air       #.........   100%        6
 Death Channel            Necr           #.........   100%        6
 Simulacrum               Ice/Necr       #.........   100%        6
 Starburst                Conj/Fire      #.........   100%        6
 Chain Lightning          Conj/Air       #.........   100%        8
 Ignition                 Fire           #.........   100%        8
 Lehudib's Crystal Spear  Conj/Erth      #.........   100%        8
 Absolute Zero            Ice            #.........   100%        9
 Fire Storm               Conj/Fire      #.........   100%        9
 Tornado                  Air            #.........   100%        9


Dungeon Overview and Level Annotations

Branches:
Dungeon (15/15)            Temple (1/1) D:4            Lair (6/6) D:8
 Shoals (0/4) Lair:3       Spider (4/4) Lair:3        Slime (0/5) Lair:5
    Orc (2/2) D:9             Elf (0/3) Orc:2        Vaults (0/5) D:14
 Depths (4/5) D:15          Sewer (visited)

Altars:
Ashenzari
Cheibriados
Dithmenos
Elyvilon
Fedhas
Gozag
Hepliaklqana
Kikubaaqudgha
Makhleb
Nemelex Xobeh
Okawaru
Qazlal
Ru
Sif Muna
Trog
Uskayaw
Vehumet
Wu Jian
Xom
Yredelemnul
Zin
The Shining One
Beogh

Shops:
D:4 [   D:6 (   D:8 *   D:11 (   D:13 }   D:15 =   Orc:1 :::*}   Orc:2 *!
Depths:1 [=*[

Portals:
Hell: Depths:1 Depths:2 Depths:3
Abyss: Depths:4
Pandemonium: Depths:2 Depths:3
Ziggurat: Depths:3

Annotations:
D:3 2 runed translucent doors, Zarkath's ghost, novice TrGl
Orc:2 1 exclusion


Innate Abilities, Weirdness & Mutations

You have claws for hands.
You are completely covered in iridescent scales. (AC +6)
Your flesh is cold resistant. (rC+)
You regenerate health from kills.
When hurt, damage is shared between your health and your magic reserves.
You regenerate magic rapidly.
Armour fits poorly on your strangely shaped body.
Your body sometimes deteriorates upon taking damage.
You expend magic power (3 MP) to strengthen your wands.


Message History

The air twists around and strikes you.
* * * LOW HITPOINT WARNING * * *
Unknown command.
The juggernaut hits you!!
* * * LOW HITPOINT WARNING * * *
The juggernaut hits you!
* * * LOW HITPOINT WARNING * * *
The spriggan air mage waves its arms in wide circles.
The air twists around and strikes you!
* * * LOW HITPOINT WARNING * * *
Items here: $ ) ? [.
Unknown command.
Unknown command.
Unknown command.
Okay, then.
Unknown command.
The spriggan air mage waves its arms in wide circles.
The air twists around and strikes you!!
You die...
Your body crumbles into a pile of gold.

####.##...)?.($...##.# ##.#
#...#....(.().....#.# ..##..#
##.....#.(..?...##.. ..##(..#
.#..#...........#.. #.##....#
..#..#........##.###.##(##..#
..........#...#.#$..##..)...#
....#)......##C.#..##.#........#
.....#....W.#iD.#.##...#.....##.
......#....#$###@##..........#
...........°#C$.##.........##..
#.......#...#..##.#.....##.# ..
#.....)..#..#.##...#..### #.. .
.##.......#####.#.....# #. #
##.......###..#.....#
###......#.[....####
#......)......# #.##############


You could see a juggernaut, a frost giant, a fire dragon and a spriggan air mage
(repels missiles).

Vanquished Creatures
  A juggernaut (Depths:2)
  2 caustic shrikes (Depths:3)
  A golden dragon (Depths:1)
  Nikola (Spider:3)
  Arachne (Spider:2)
  A lich (Depths:2)
  A tentacled monstrosity (Depths:4)
  A sphinx (Depths:1)
  Kirke (D:12)
  Gastronok (D:10)
  2 tengu reavers
  3 frost giants
  4 fire giants
  2 iron dragons
  A ghost moth (shapeshifter) (Depths:1)
  Louise (Spider:1)
  5 emperor scorpions
  Aizul (Spider:3)
  A deep elf elementalist (Depths:2)
  3 ghost moths
  6 stone giants
  11 very ugly things
  7 entropy weavers
  A deep elf demonologist (Depths:3)
  Nessos (Lair:4)
  2 vampire knights
  A deep elf annihilator (Depths:3)
  6 spark wasps
  8 ettins
  A merfolk javelineer (Depths:1)
  A deep elf death mage (Depths:3)
  5 fire dragons
  2 deep elf high priests (Depths:3)
  Josephine (Lair:5)
  A merfolk impaler (Depths:1)
  3 ice dragons
  6 great orbs of eyes
  5 rakshasas
  6 yaktaur captains
  8 vault guards
  4 hydras
  4 boulder beetles
  Erica (Lair:2)
  4 ghost crabs (Lair:5)
  3 catoblepae (Lair:6)
  A death knight (D:13)
  A queen ant (Spider:3)
  28 two-headed ogres
  5 centaur warriors
  3 vampire magi
  9 ogre magi
  4 deep troll shamans
  3 tengu warriors
  2 orc high priests
  3 spriggan berserkers
  5 deep troll earth magi
  3 death yaks (Lair:6)
  A spriggan (Depths:3)
  12 slime creatures
  4 fire crabs (Lair:5)
  3 iron trolls (Depths:1)
  2 spark wasp zombies (Depths:3)
  3 unseen horrors
  19 deep trolls
  2 skeletal warriors (D:13)
  A hell knight (Depths:1)
  A wizard (Depths:2)
  3 glowing orange brains
  3 orc knights
  The ghost of HagarQim the Magician, a novice DEFE of Sif Muna (D:7)
  A lindwurm (shapeshifter) (Depths:2)
  A necromancer (Depths:3)
  Pikel (D:8)
  13 orb spiders
  21 wolf spiders
  2 orc sorcerers (Orc:2)
  A deep elf mage (D:12)
  2 manticores (Lair:6)
  27 ugly things
  A moth of wrath (shapeshifter) (Depths:3)
  A cyclops (D:15)
  A moth of wrath (Spider:3)
  15 elephants
  A centaur zombie (D:14)
  A merfolk siren (Lair:3)
  An apocalypse crab (Lair:5)
  Maggie (D:6)
  Psyche (D:8)
  2 smoke demons (Orc:2)
  Joseph (D:7)
  An orange demon (Orc:2)
  6 cane toads
  A black mamba (Lair:5)
  A cane toad (shapeshifter) (Depths:3)
  3 komodo dragons (shapeshifter)
  A yaktaur (shapeshifter) (D:15)
  5 yaktaurs
  18 demonic crawlers
  A freezing wraith (D:13)
  A kobold demonologist (D:12)
  2 rime drakes
  8 komodo dragons
  An ice devil (Orc:1)
  5 tengu conjurers
  9 trolls
  A troll (shapeshifter) (D:13)
  2 polar bears
  17 jumping spiders
  A merfolk (shapeshifter) (Depths:2)
  Grinder (D:2)
  A meliai (shapeshifter) (Depths:1)
  14 blink frogs
  2 hornets (shapeshifter) (Depths:3)
  A raiju (shapeshifter) (Depths:3)
  A meliai zombie (D:15)
  7 hornets
  6 dream sheep (Lair:4)
  Sigmund (D:3)
  A shadow (D:12)
  76 yaks
  52 redbacks
  9 wyverns
  5 water elementals (Depths:1)
  24 tarantellas
  5 basilisks
  9 wraiths
  3 humans (D:8)
  Eustachio (D:5)
  5 hogs (D:12)
  A chaos spawn (Orc:2)
  A basilisk (shapeshifter) (Depths:2)
  Edmund (D:6)
  A warg (Orc:2)
  2 acid dragons
  25 soldier ants
  An acid dragon (shapeshifter) (Depths:3)
  12 water moccasins
  3 ice beasts
  28 orc warriors
  2 eyes of draining
  5 sky beasts
  A phantom (D:6)
  A necrophage (D:11)
  2 black bears
  18 wolves
  11 ogres
  11 boggarts
  8 centaurs
  4 lemures (D:8)
  A big kobold (D:12)
  Blork the orc (D:6)
  16 bullfrogs
  A hornet simulacrum (D:14)
  2 wyvern skeletons (D:14)
  8 scorpions
  11 killer bees
  3 electric eels
  3 howler monkeys
  4 vampire bats (Lair:3)
  13 wights
  A bullfrog zombie (D:10)
  6 hounds
  4 jellies
  2 bullfrog skeletons
  6 centaur skeletons
  27 orc priests
  An iron imp (Depths:2)
  A gnoll shaman (D:9)
  Ijyb (D:4)
  2 iguanas
  19 orc wizards
  28 worker ants
  A killer bee zombie (D:8)
  2 hound skeletons
  2 howler monkey skeletons
  9 gnolls
  20 adders
  4 river rats
  4 shadow imps
  A white imp (D:7)
  3 ufetubi
  An ooze (D:6)
  4 worms
  5 dart slugs
  A leopard gecko (D:2)
  82 orcs
  9 ball pythons
  3 giant cockroaches
  6 goblins
  11 hobgoblins
  15 jackals
  11 kobolds
  6 quokkas
  13 bats
  8 frilled lizards
  A giant cockroach zombie (D:6)
  A jackal skeleton (D:4)
  A quokka zombie (D:9)
  18 rats
1198 creatures vanquished.

Vanquished Creatures (others)
  An entropy weaver (Lair:5)
  A fire crab (Lair:5)
  A tarantella (Spider:4)
  A human (shapeshifter) (Depths:3)
  A boggart (Depths:3)
  2 orcs
  34 fungi
  103 plants
144 creatures vanquished.

Grand Total: 1342 creatures vanquished

Notes
Turn   | Place    | Note
-------+----------+-------------------------------------------
     0 | D:1      | Riddle the Demonspawn Gladiator began the quest for the
                  | Orb.
     0 | D:1      | Reached XP level 1. HP: 16/16 MP: 1/1
   207 | D:1      | Gained mutation: You are partially covered in iridescent
                  | scales. (AC +2) [demonic ancestry]
   207 | D:1      | Reached XP level 2. HP: 15/23 MP: 2/2
   329 | D:1      | Reached skill level 3 in Fighting
   567 | D:1      | Reached XP level 3. HP: 29/29 MP: 3/3
   964 | D:2      | Reached skill level 4 in Fighting
  1069 | D:2      | Gained mutation: You are mostly covered in iridescent
                  | scales. (AC +4) [demonic ancestry]
  1069 | D:2      | Reached XP level 4. HP: 37/38 MP: 4/4
  1375 | D:2      | Found a faded altar of an unknown god.
  1761 | D:3      | Noticed Grinder
  1766 | D:3      | Paralysed by Grinder for 5 turns
  2167 | D:2      | Reached skill level 5 in Fighting
  2499 | D:3      | Reached XP level 5. HP: 41/44 MP: 5/5
  2575 | D:3      | Found a blossoming altar of Fedhas.
  2641 | D:3      | Found a runed translucent door.
  2643 | D:3      | Noticed Zarkath's ghost (novice TrGl)
  2723 | D:3      | Found an ornate altar of the Wu Jian Council.
  2762 | D:2      | Killed Grinder
  2763 | D:2      | Reached skill level 6 in Fighting
  2763 | D:2      | Gained mutation: You have sharp fingernails. [demonic
                  | ancestry]
  2763 | D:2      | Reached XP level 6. HP: 49/53 MP: 6/6
  2826 | D:3      | Noticed Sigmund
  2835 | D:3      | Killed Sigmund
  2836 | D:3      | Reached skill level 7 in Fighting
  2836 | D:3      | Gained mutation: You regenerate a little health from kills.
                  | [demonic ancestry]
  2836 | D:3      | Reached XP level 7. HP: 56/61 MP: 7/7
  2932 | D:3      | Found a runed translucent door.
  3037 | D:4      | Reached skill level 8 in Fighting
  3041 | D:4      | Noticed Ijyb
  3071 | D:4      | Killed Ijyb
  3740 | D:4      | Found a staircase to the Ecumenical Temple.
  3752 | D:4      | Found Hithoita's Armour Shoppe.
  3917 | Temple   | Entered the Ecumenical Temple
  4129 | Temple   | Became a worshipper of Gozag Ym Sagoz the Greedy
  4166 | D:5      | Entered Level 5 of the Dungeon
  4239 | D:5      | Reached skill level 1 in Axes
  4313 | D:5      | Found a glowing drain.
  4338 | Sewer    | Entered a sewer
  4877 | D:5      | Reached skill level 9 in Fighting
  4922 | D:5      | Gained mutation: When hurt, damage is shared between your
                  | health and your magic reserves. [demonic ancestry]
  4922 | D:5      | Reached XP level 8. HP: 62/71 MP: 8/8
  5103 | D:5      | Noticed Eustachio
  5150 | D:5      | Killed Eustachio
  5513 | D:6      | Found Nus Ezeihi's Weapon Shop.
  5743 | D:6      | Noticed Blork the orc
  5744 | D:6      | Noticed Edmund
  5750 | D:6      | Killed Blork the orc
  5761 | D:6      | Killed Edmund
  5762 | D:6      | Reached skill level 5 in Axes
  6005 | D:6      | Noticed Maggie
  6027 | D:6      | Killed Maggie
  6028 | D:6      | Reached XP level 9. HP: 35/78 MP: 2/9
  6436 | D:6      | Reached skill level 10 in Fighting
  6788 | D:7      | Noticed Joseph
  6808 | D:7      | Killed Joseph
  6990 | D:7      | Found a runed translucent door.
  6993 | D:7      | Noticed HagarQim's ghost (novice DEFE)
  7113 | D:7      | You fall into a shaft and drop 2 floors!
  7114 | D:9      | Noticed a two-headed ogre
  7133 | D:9      | Killed a two-headed ogre
  7370 | D:9      | Found a glowing golden altar of the Shining One.
  7394 | D:9      | You fall into a shaft and drop 3 floors!
  7395 | D:12     | Noticed a boulder beetle
  7644 | D:12     | Noticed a kobold demonologist
  7645 | D:12     | Noticed a red devil
  7766 | D:12     | Noticed an ice devil
  7770 | D:12     | Killed a kobold demonologist
  7771 | D:12     | Reached skill level 11 in Fighting
  7771 | D:12     | Reached XP level 10. HP: 75/87 MP: 8/10
  8476 | D:10     | Entered Level 10 of the Dungeon
  8476 | D:10     | Noticed Gastronok
  8664 | D:10     | Reached skill level 10 in Axes
  9268 | D:9      | Found a staircase to the Orcish Mines.
 10180 | D:10     | Reached skill level 1 in Shields
 10714 | D:11     | Found Qudocot's Antique Weapon Boutique.
 10737 | D:11     | Noticed a two-headed ogre
 10743 | D:11     | Killed a two-headed ogre
 10744 | D:11     | Gained mutation: You have very sharp fingernails. [demonic
                  | ancestry]
 10744 | D:11     | Reached XP level 11. HP: 95/95 MP: 9/11
 11143 | D:12     | Noticed a deep elf mage
 11151 | D:12     | Reached skill level 12 in Fighting
 11367 | D:4      | Bought the +27 Lear's hauberk for 1691 gold pieces
 11367 | D:4      | Found the +27 Lear's hauberk
 11906 | D:8      | Found an iron altar of Okawaru.
 11944 | D:8      | Noticed Psyche
 11961 | D:8      | Killed Psyche
 12171 | D:7      | Killed HagarQim's ghost
 12419 | D:8      | Found a burning altar of Makhleb.
 12423 | D:8      | Found a hazy altar of Hepliaklqana.
 12457 | D:8      | Found Piasho's General Store.
 12551 | D:8      | Noticed a purple ugly thing
 12568 | D:8      | Killed a purple ugly thing
 12740 | D:8      | Found a staircase to the Lair.
 12784 | D:8      | Noticed Pikel
 12812 | D:8      | Killed Pikel
 13029 | D:12     | Killed a boulder beetle
 13030 | D:12     | Reached skill level 5 in Shields
 13354 | D:12     | Killed a deep elf mage
 13684 | D:13     | Noticed a boulder beetle
 13715 | D:13     | Killed a boulder beetle
 13722 | D:13     | Noticed a centaur warrior
 13736 | D:13     | Killed a centaur warrior
 13830 | D:13     | Gained mutation: You regenerate health from kills. [demonic
                  | ancestry]
 13830 | D:13     | Reached XP level 12. HP: 103/103 MP: 12/12
 14267 | D:13     | Noticed a death knight
 14585 | D:13     | Found Xifrezu's Gadget Boutique.
 14586 | D:13     | Noticed Kirke
 14852 | D:13     | Noticed a sphinx
 14951 | D:12     | HP: 3/103 [Kirke (17)]
 15382 | D:14     | Noticed a tengu warrior
 15784 | D:14     | Noticed a boulder beetle
 15785 | D:14     | Noticed a vault guard
 15785 | D:14     | Noticed a vault guard
 15881 | D:10     | Killed Gastronok
 15977 | Lair:1   | Entered Level 1 of the Lair of Beasts
 16046 | D:8      | Reached skill level 13 in Fighting
 16792 | Orc:1    | Entered Level 1 of the Orcish Mines
 16792 | Orc:1    | Found Woemmal's Gadget Boutique.
 16871 | Orc:2    | Entered Level 2 of the Orcish Mines
 16880 | Orc:2    | Noticed a two-headed ogre
 16897 | Orc:1    | Killed a two-headed ogre
 16975 | Orc:1    | Found Nullac's General Store.
 16989 | Orc:1    | Found Cisus's Book Boutique.
 17028 | Orc:1    | Found Xuaxolou's Book Boutique.
 17099 | Orc:1    | Found Qemues's Book Emporium.
 17304 | Orc:2    | Gained mutation: You have claws for hands. [demonic
                  | ancestry]
 17304 | Orc:2    | Reached XP level 13. HP: 111/111 MP: 13/13
 17504 | Orc:1    | Bought a manual of Fighting for 1545 gold pieces
 17971 | Orc:1    | Identified a scroll of acquirement
 17971 | Orc:1    | Acquired 1130 gold pieces
 18252 | Orc:2    | Found a roughly hewn altar of Beogh.
 18750 | Orc:2    | Found Poatzuj's General Store.
 18862 | Orc:2    | Found Yqeh's Distillery.
 18912 | Orc:2    | Bought a potion of degeneration for 12 gold pieces
 18915 | Orc:2    | Bought a potion of lignification for 36 gold pieces
 18917 | Orc:2    | Bought a potion of curing for 36 gold pieces
 18917 | Orc:2    | Bought a potion of heal wounds for 60 gold pieces
 19642 | Orc:2    | Found a roughly hewn altar of Beogh.
 19671 | Orc:2    | Found a staircase to the Elven Halls.
 20372 | Lair:1   | Reached skill level 14 in Fighting
 20941 | Lair:2   | Noticed Erica
 20972 | Lair:2   | HP: 5/113 [something (10)]
 20972 | Lair:2   | HP: 2/113 [something (3)]
 20978 | Lair:2   | Killed Erica
 21815 | Lair:3   | Reached skill level 10 in Shields
 22569 | Lair:3   | Found a hole to the Spider Nest.
 22763 | Lair:3   | Found a staircase to the Shoals.
 22807 | Lair:3   | Found a hazy altar of Hepliaklqana.
 23217 | Lair:4   | Reached skill level 15 in Fighting
 23612 | Lair:4   | Noticed Nessos
 23824 | Lair:4   | Reached XP level 14. HP: 123/123 MP: 8/14
 24455 | Lair:4   | Killed Nessos
 25209 | Lair:5   | Reached skill level 16 in Fighting
 25242 | Lair:5   | Noticed Josephine
 25981 | D:12     | Acquired 765 gold pieces
 27493 | D:14     | Reached skill level 15 in Axes
 27506 | D:15     | Entered Level 15 of the Dungeon
 27550 | D:15     | Bought the ring "Dyutuc" {rN++ rCorr Str-2 Slay+4} for 501
                  | gold pieces
 27611 | D:14     | Found a gate to the Vaults.
 27825 | D:14     | Reached skill level 17 in Fighting
 28339 | D:14     | Found a white marble altar of Elyvilon.
 28439 | D:14     | Gained mutation: Your flesh is cold resistant. (rC+)
                  | [demonic ancestry]
 28439 | D:14     | Reached XP level 15. HP: 134/134 MP: 15/15
 29473 | D:15     | Found a staircase to the Depths.
 29941 | Depths:1 | Entered Level 1 of the Depths
 29948 | Depths:1 | Bought a pair of jewelled boots for 313 gold pieces
 29965 | Depths:1 | Identified the +1 pair of boots "Iprarunk" {rN++ MR+ Slay+3
                  | Stlth-} (You bought it in a shop on level 1 of the Depths)
 29968 | Depths:1 | Bought an uncursed amulet of reflection for 420 gold pieces
 30186 | Depths:1 | Reached skill level 18 in Fighting
 30347 | D:12     | Killed Kirke
 30714 | Lair:5   | Killed Josephine
 30771 | Lair:5   | Found a staircase to the Slime Pits.
 30789 | Lair:5   | You fall into a shaft and drop 1 floor!
 30789 | Lair:6   | Entered Level 6 of the Lair of Beasts
 31406 | Lair:5   | Found a runed translucent door.
 32808 | Lair:5   | Got a smouldering leather armour
 32809 | Lair:5   | Identified the +2 leather armour of Gosazuor {*Drain rCorr
                  | Str+4} (You found it on level 5 of the Lair of Beasts)
 34300 | Depths:1 | Bought a +4 plate armour of fire resistance for 600 gold
                  | pieces
 34622 | Spider:1 | Entered Level 1 of the Spider Nest
 34745 | Spider:1 | Noticed Louise
 34767 | Spider:1 | Reached XP level 16. HP: 145/145 MP: 16/16
 34777 | Spider:1 | Killed Louise
 35277 | Spider:2 | Noticed Arachne
 35328 | Spider:2 | Killed Arachne
 36307 | Spider:2 | Gained mutation: Armour fits poorly on your strangely
                  | shaped body. [potion of mutation]
 36307 | Spider:2 | Gained mutation: You expend magic power (3 MP) to
                  | strengthen your wands. [potion of mutation]
 36468 | Spider:3 | Noticed Aizul
 36489 | Spider:3 | Killed Aizul
 36490 | Spider:3 | Reached skill level 19 in Fighting
 37280 | Spider:3 | Acquired a scarf of resistance
 37898 | Spider:3 | Noticed Nikola
 38123 | Spider:3 | Killed Nikola
 38262 | Spider:4 | Entered Level 4 of the Spider Nest
 38267 | Spider:4 | Got a brightly glowing leather armour
 38476 | Spider:4 | Reached XP level 17. HP: 139/153 MP: 14/17
 39962 | Spider:4 | Got a gossamer rune of Zot
 40608 | Depths:1 | Identified the cursed +1 leather armour of Inference {rF+++
                  | rC- rN++ Regen+ Str-2} (You found it on level 4 of the
                  | Spider Nest)
 40612 | Depths:1 | Bought a pearl-encrusted ring mail for 243 gold pieces
 40614 | Depths:1 | Identified the +1 ring mail of Fuzzy Beauty {Regen+ rCorr
                  | Str+3 Int-2} (You bought it in a shop on level 1 of the
                  | Depths)
 40811 | Depths:1 | Reached skill level 15 in Shields
 40852 | Depths:1 | Paralysed by an ogre mage for 4 turns
 41062 | Depths:1 | Reached skill level 20 in Fighting
 42195 | Depths:1 | Found a gateway to Hell.
 42472 | Depths:1 | Gained mutation: You regenerate magic rapidly. [demonic
                  | ancestry]
 42472 | Depths:1 | Reached XP level 18. HP: 162/162 MP: 16/18
 42988 | Depths:1 | Paralysed by a sphinx for 5 turns
 44548 | Depths:2 | Noticed a golden dragon
 44653 | Depths:1 | Killed a golden dragon
 44927 | Depths:2 | Reached skill level 21 in Fighting
 44936 | Depths:2 | Got a scorched golden ring
 44941 | Depths:2 | Identified the ring of the Spinneret {Dex+6 Stlth+} (You
                  | found it on level 2 of the Depths)
 45102 | Depths:2 | Found a one-way gate leading to the halls of Pandemonium.
 45108 | Depths:2 | You fall into a shaft and drop 2 floors!
 45237 | Depths:4 | Noticed a tentacled monstrosity
 45263 | Depths:4 | Killed a tentacled monstrosity
 45391 | Depths:4 | Found a one-way gate to the infinite horrors of the Abyss.
 45590 | Depths:4 | Gained mutation: You are completely covered in iridescent
                  | scales. (AC +6) [demonic ancestry]
 45590 | Depths:4 | Reached XP level 19. HP: 172/172 MP: 19/19
 45997 | Depths:3 | Found a gateway to a ziggurat.
 46011 | Depths:3 | Noticed a caustic shrike
 46035 | Depths:3 | Killed a caustic shrike
 46088 | Depths:3 | Gained mutation: Your body sometimes deteriorates upon
                  | taking damage. [a cacodemon]
 46166 | Depths:3 | Identified the +7 war axe "Xorhag" {vorpal, rF+ rN+ Dex+3
                  | Stlth+}
 46174 | Depths:3 | Noticed a juggernaut
 46459 | Depths:3 | Noticed a lich
 46931 | Depths:2 | Killed a lich
 47080 | Depths:2 | Killed a juggernaut
 47432 | Depths:3 | Noticed a caustic shrike
 47454 | Depths:3 | Killed a caustic shrike
 47460 | Depths:3 | Noticed a juggernaut
 47473 | Depths:3 | Killed from afar by a spriggan air mage

Illustrated notes

Levels and vault maps discovered:
D:1:      dpeg_arrival_three_same_balls, layout_rooms, serial_glass,
          glass_columns_b, glass_columns_c, glass_columns_a, item_on_display_a,
          minmay_strange_pillars, minmay_pentomino_q4
D:2:      layout_rooms, chequers_ecumenical_altar_simple
D:3:      layout_basic, fedhas_altar_fruit_tree, general_overflow_altar,
          ebering_ghost_sewer_f, kennysheep_generic_room_16, uniq_sigmund,
          uniq_grinder
D:4:      layout_cave_pools, temple_pool_b, serial_shops, nicolae_shop_stone,
          minmay_misc_feat_more_columns, minmay_cut_off, uniq_ijyb
D:5:      layout_rooms, portal_sewer_entry_b, uniq_eustachio
D:6:      old_forge, layout_gridville, serial_shops, shop, serial_glass,
          glass_columns_a, glass_columns_b, uniq_blork_the_orc, uniq_edmund,
          uniq_maggie
D:7:      layout_cave_pools, hellmonk_ghost_happy_afterlife, uniq_joseph
D:8:      layout_gridville, overflow_temple_1_default, kennysheep_mini,
          okawaru_gym_becter, david_lair_shrubbed, serial_shops, shop,
          minmay_ruffians, uniq_psyche, uniq_pikel
D:9:      layout_basic, tso_oasis_becter, orc_0_dummy, kennysheep_generic_room_6
D:10:     layout_basic, lightli_orcish_oven, uniq_gastronok
D:11:     layout_roguey, serial_shops, shop_fountains
D:12:     layout_basic, serial_aquarium, aquarium_bridge_long_joined
          [aquarium_subvault_balcony, aquarium_subvault_bridge,
          aquarium_subvault_bridge, aquarium_subvault_window,
          aquarium_subvault_wall, aquarium_subvault_window], aquarium_window_1,
          aquarium_window_1, aquarium_window_fake, aquarium_view_2c,
          aquarium_pool_1
D:13:     layout_basic, serial_shops, shop, uniq_kirke
D:14:     layout_roguey, erik_vaults_2, elyvilon_altar_3,
          hangedman_decor_diamond_cutter, chequers_mini_garden,
          kennysheep_generic_room_9
D:15:     grunt_enter_depths_hoard, layout_loops_ring, nicolae_wwwww
Temple:   eino_temple_scatter_basement
Lair:1:   layout_loops_ring, st_stairs_9, grunt_megastairs_1
Lair:2:   layout_layer_cave, lemuel_fruit_tree, uniq_erica
Lair:3:   layout_cave_pods, minmay_shoals_entry_lonely_mermaid,
          spider_nest_entry_rubble, basic_altar, roderic_batcave,
          grunt_megastairs_5, lemuel_fruit_fields
Lair:4:   layout_big_grid, serial_bayou_ford_a, serial_bayou_shore_a,
          uniq_nessos
Lair:5:   gammafunk_mikee_crab_dinner, layout_layer_cave, slime_dummy,
          uniq_josephine
Lair:6:   evilmike_catoblepas_cave, layout_cave_shapes
Spider:1: layout_spider_delve, uniq_louise
Spider:2: layout_chambers, drop_trap, nicolae_spider_cling_halls, uniq_arachne
Spider:3: layout_spider_delve, minivault_29, uniq_aizul, uniq_nikola
Spider:4: spider_rune_water, drop_trap
Orc:1:    layout_diamond_mine, serial_shops, shop, shop, shop,
          nicolae_shop_statue_plus, nicolae_shop_statue_plus
Orc:2:    pf_orc_diabolical, layout_diamond_mine, basic_altar,
          david_defended_altar_orc
Depths:1: thingy_vault, layout_basic, hangedman_coc_ice_floe,
          kennysheep_doodads, minivault_22, serial_bayou_lagoon_b
Depths:2: minmay_shrinking_squares, layout_cave_pools, rand_demon_pan_entry_7,
          kennysheep_flooded_box, hell_entry, infiniplex_staircase_hallway_doors
Depths:3: hangedman_pleasuredromes, hell_entry, pan_entry
Depths:4: minmay_the_grid_triangle_9x9_recursive_2
          [minmay_the_grid_triangle_9x9_prize_insulated,
          minmay_the_grid_triangle_9x9_intruding_spiral,
          minmay_the_grid_triangle_9x9_steps,
          minmay_the_grid_triangle_9x9_corrupted_corridor], layout_basic,
          roderic_lattice_a, abyss_entry_small_statue_room, hell_entry

Skill      XL: |  1  2  3  4  5  6  7  8  9 10 11 12 13 14 15 16 17 18 19 |
---------------+----------------------------------------------------------+-----
Fighting       | 3 4 5 6 7 9 11 12 13 15 17 18 19 20 21 | 21.6
Axes           | 2 6 8 10 12 13 14 15 16 17 18 19 | 19.3
Shields        | 2 6 8 10 12 13 14 15 16 17 | 17.2
Staves         | |  2.6
Throwing       | |  1.7
Dodging        | |  2.6

Action                   |  1- 3 |  4- 6 |  7- 9 | 10-12 | 13-15 | 16-18 | 19-21 || total
-------------------------+-------+-------+-------+-------+-------+-------+-------++-------
Melee: Quarterstaff      |   108 |   176 |   139 |       |       |       |       ||   423
       War axe           |       |       |   402 |  1070 |  1836 |  1656 |   370 ||  5334
       Unarmed           |       |       |       |     4 |       |       |       ||     4
       Scimitar          |       |       |       |       |    23 |       |       ||    23
Throw: Throwing net      |       |       |       |     3 |       |       |       ||     3
Invok: Potion Petition   |       |       |     1 |     1 |     2 |       |       ||     4
       Call Merchant     |       |       |       |       |     4 |     1 |       ||     5
Evoke: Wand              |       |       |       |     1 |       |       |       ||     1
  Use: Potion            |       |     2 |     1 |     4 |    14 |     9 |     2 ||    32
       Scroll            |       |       |     9 |     3 |    34 |    10 |     2 ||    58
 Stab: Sleeping          |     1 |       |       |       |     1 |       |       ||     2
       Distracted        |       |       |       |     7 |    10 |     8 |     5 ||    30
       Invisible         |       |       |       |     1 |       |       |       ||     1
       Petrified         |       |       |       |       |    13 |       |       ||    13
       Petrifying        |       |       |       |       |     1 |       |       ||     1
       Held in net/web   |       |       |       |       |       |     2 |       ||     2
Armor: Leather armour    |    13 |       |       |       |       |       |       ||    13
       Plate armour      |    62 |   132 |   652 |   151 |     9 |   738 |   181 ||  1925
       Ring mail         |       |       |       |    30 |   245 |       |       ||   275
       Chain mail        |       |       |       |   425 |       |       |       ||   425
       Skin              |       |       |       |       |   106 |       |       ||   106
Dodge: Dodged            |    36 |    51 |   231 |   368 |   537 |   248 |    44 ||  1515
Block: Tower shield      |       |       |       |   580 |  1024 |       |       ||  1604
       Kite shield       |       |       |       |       |   309 |  1628 |   271 ||  2208
       Reflection        |       |       |       |       |     1 |    39 |    17 ||    57
       Rpst.: Scimitar   |       |       |       |       |     1 |       |       ||     1

Table legend: (Time is in decaauts)
 A = Elapsed time spent in this place.
 B = Non-inter-level travel time spent in this place.
 C = Inter-level travel time spent in this place.
 D = Time resting spent in this place.
 E = Time spent auto-exploring this place.
 F = Levels seen in this place.
 G = Mean time per level.
                   A        B        C        D        E       F      G
               +--------+--------+--------+--------+--------+-----+--------+
         Total |  47169 |  42939 |   4230 |  11431 |  18808 |  33 | 1429.4 |
       Dungeon |  21157 |  18196 |   2961 |   3909 |   8860 |  15 | 1410.5 |
        Temple |    233 |    216 |     17 |      0 |    175 |   1 |  233.0 |
          Lair |   9501 |   8733 |    768 |   2040 |   4823 |   6 | 1583.5 |
   Spider Nest |   5469 |   5253 |    216 |   1464 |   2123 |   4 | 1367.2 |
  Orcish Mines |   3421 |   3313 |    108 |   1500 |    573 |   2 | 1710.5 |
        Depths |   6832 |   6674 |    158 |   2517 |   1879 |   4 | 1708.0 |
         Sewer |    554 |    554 |      0 |      0 |    373 |   1 |  554.0 |
               +--------+--------+--------+--------+--------+-----+--------+

Top non-repeatable levels by time:
Depths:1: 3649 daAuts
    D:12: 2983 daAuts
  Lair:5: 2509 daAuts
    D:13: 2320 daAuts
  Lair:3: 2126 daAuts
Spider:3: 2072 daAuts
Depths:2: 1918 daAuts
    D:14: 1883 daAuts
   Orc:2: 1728 daAuts
   Orc:1: 1692 daAuts
Spider:4: 1683 daAuts
  Lair:4: 1582 daAuts
     D:8: 1508 daAuts
     D:9: 1481 daAuts
     D:6: 1413 daAuts
